 Dungeon Crawl Stone Soup version 0.30.0-29-ga12c61a403 (webtiles) character file.

Game seed: 3800646765753439370

121 belegose the Sneak (level 4, -17/35 HPs)
             Began as a Demonspawn Delver on June 9, 2023.
             Demolished by an orc warrior
             ... wielding a +0 battleaxe
              (21 damage)
             ... on level 4 of the Dungeon.
             The game lasted 00:08:22 (3231 turns).

belegose the Sneak (Demonspawn Delver)              Turns: 3231, Time: 00:08:23

Health: -17/35     AC:  5    Str: 12    XL:     4   Next: 76%
Magic:  4/4        EV: 10    Int: 14    God:
Gold:   191        SH:  0    Dex: 14    Spells: 3/3 levels left

rFire   . . .        a - +0 falchion
rCold   . . .        (no shield)
rNeg    . . .        r - +0 ring mail
rPois   .            (no helmet)
rElec   .            (no cloak)
rCorr   .            (no gloves)
SInv    .            (no boots)
Will    .....        (no amulet)
Stlth   ++           (no ring)
HPRegen 0.25/turn    (no ring)
MPRegen 0.09/turn

%: no passive effects
@: no status effects
A: claws 1, foul stench 1
a: no special abilities


You were on level 4 of the Dungeon.
You visited 1 branch of the dungeon, and saw 5 of its levels.

You collected 191 gold pieces.

Inventory:

Hand Weapons
 a - a +0 falchion (weapon)
Missiles
 k - 3 poisoned darts (quivered)
 z - 3 boomerangs
Armour
 b - a +0 leather armour
 r - a +0 ring mail (worn)
 A - the +0 robe of the Lair of Beasts {Will+}
   (You found it on level 4 of the Dungeon)

   Will:      It increases your willpower.
Jewellery
 h - a ring of ice
 t - a ring of fire
Wands
 g - a wand of digging (3)
 B - a wand of paralysis (4)
Scrolls
 c - a scroll of fog
 d - 5 scrolls of magic mapping
 e - 3 scrolls of fear
 i - 4 scrolls of identify {unknown}
 j - a scroll of immolation {unknown}
 m - 2 scrolls of teleportation {unknown}
 n - a scroll of enchant armour {unknown}
 s - a scroll of blinking {unknown}
 u - a scroll of enchant weapon {unknown}
 x - a scroll of vulnerability {unknown}
 y - a scroll of brand weapon {unknown}
Potions
 f - 4 potions of haste
 l - 3 potions of curing {unknown}
 o - a potion of degeneration {unknown}
 p - a potion of attraction {unknown}
 q - a potion of berserk rage {unknown}
 v - 3 potions of flight {unknown}
 w - a potion of invisibility {unknown}


   Skills:
 - Level 3.2 Fighting
 + Level 3.0 Long Blades
 + Level 1.8 Throwing
 + Level 2.2 Armour
 - Level 1.7 Dodging
 - Level 4.5 Stealth


You had 3 spell levels left.
You didn't know any spells.
Your spell library contained the following spells:

 Spells                   Type           Power      Damage    Failure   Level
 Tukima's Dance           Hex            0%         N/A       88%         3
 Volatile Blastmotes      Fire/Tloc      0%         2d10      88%         3
 Fulminant Prism          Conj/Hex       0%         3d5       99%         4
 Iskenderun's Mystic Bla  Conj/Tloc      0%         2d3       99%         4
 Passage of Golubria      Tloc           0%         N/A       99%         4
 Blade Hands              Tmut           0%         N/A       100%        5
 Irradiate                Conj/Tmut      0%         3d11      100%        5
 Lee's Rapid Deconstruct  Erth           0%         3d4*      100%        5
 Yara's Violent Unravell  Hex/Tmut       0%         3d3       100%        5
 Dragon Form              Tmut           0%         N/A       100%        7


Dungeon Overview and Level Annotations

Branches:
Dungeon (5/15)
 Temple: D:4-7

Altars:
Fedhas

Shops:
D:2 (   D:3 (


Innate Abilities, Weirdness & Mutations

You have sharp fingernails.
You may rarely emit foul miasma when damaged in melee.


Message History

The helpless orc warrior fails to defend itself.
You hit the orc warrior but do no damage.
The orc warrior is heavily wounded.
The helpless orc warrior fails to defend itself.
You hit the orc warrior.
The orc warrior is heavily wounded.
The helpless orc warrior fails to defend itself.
You hit the orc warrior but do no damage.
The orc warrior is heavily wounded.
The helpless orc warrior fails to defend itself.
You hit the orc warrior but do no damage.
The orc warrior is heavily wounded.
The helpless orc warrior fails to defend itself.
You hit the orc warrior but do no damage.
The orc warrior is heavily wounded.
The helpless orc warrior fails to defend itself.
You hit the orc warrior but do no damage.
The orc warrior is heavily wounded.
The orc warrior is no longer paralysed.
The orc warrior hits you with a +0 battleaxe!
The orc warrior closely misses you.
You hit the orc warrior but do no damage.
The orc warrior is heavily wounded.
The orc warrior barely misses you.
You hit the orc warrior but do no damage.
The orc warrior is heavily wounded.
The orc warrior hits you with a +0 battleaxe!
You emit a cloud of foul miasma!
You hit the orc warrior but do no damage.
The orc warrior is heavily wounded.
The orc warrior is engulfed in dark miasma.
The orc warrior is poisoned.
The orc warrior hits you with a +0 battleaxe!
* * * LOW HITPOINT WARNING * * *
The orc warrior is engulfed in dark miasma.
The orc warrior looks even sicker.
The orc warrior attacks as you move away!
The orc warrior hits you with a +0 battleaxe!!
Ouch! That really hurt!
You die...

##..#..#
##.## #..#
#.# ##...#
##.## #..##
#.# ###...#
#.## #...#
##.## .....##
#.##
#...####...#
##...# #..#
#...)))....#
##..# ##.##
##..#########
#..#
##..###.<.#
#..#
#..##....##
###..#
###.###..@##
#....###..##
#.o##
.........##
#☼.#
........##
#(##
..#######
#(.# .## #..#
## #..# .#
#.......# .#
#........#


You could see an orc warrior (very poisoned).

Vanquished Creatures
  An iguana (D:4)
  3 worms
  3 dart slugs
  4 orcs (D:4)
  7 ball pythons
  5 endoplasms
  3 giant cockroaches
  7 goblins
  12 hobgoblins
  2 jackals (D:3)
  5 quokkas
  3 bats
  4 frilled lizards
  6 kobolds
  6 rats
71 creatures vanquished.

Notes
Turn   | Place    | Note
-------+----------+-------------------------------------------
     0 | D:5      | belegose the Demonspawn Delver began the quest for the Orb.
     0 | D:5      | Reached XP level 1. HP: 18/18 MP: 1/1
   289 | D:2      | Gained mutation: You may rarely emit foul miasma when
                  | damaged in melee. [demonic ancestry]
   289 | D:2      | Reached XP level 2. HP: 24/24 MP: 2/2
   374 | D:2      | Found Burinit's Weapon Shop.
   644 | D:1      | Reached skill level 1 in Armour
   727 | D:1      | Reached XP level 3. HP: 26/29 MP: 3/3
  1074 | D:1      | Reached skill level 1 in Throwing
  1480 | D:2      | Found a faded altar of an unknown god.
  2112 | D:3      | Discovered your monstrous ancestry.
  2112 | D:3      | Gained mutation: You have sharp fingernails. [demonic
                  | ancestry]
  2112 | D:3      | Reached XP level 4. HP: 35/35 MP: 4/4
  2300 | D:3      | Found Xatao's Antique Weapon Shop.
  2479 | D:3      | Found a blossoming altar of Fedhas.
  2743 | D:4      | Identified the +0 robe of the Lair of Beasts {Will+}
  3203 | D:4      | Noticed an orc warrior
  3231 | D:4      | Demolished by an orc warrior

Illustrated notes

Levels and vault maps discovered:
D:1:      evilmike_arrival_plus, layout_loops_ring, minmay_cupped
D:2:      layout_loops_corners, serial_shops, nicolae_shop_just_a_little_nook,
          ebering_ecumenical_altar_abandoned
D:3:      layout_rooms, mainiacjoe_overflow_six_doors_small, serial_shops,
          nicolae_shop_scrapyard
D:4:      layout_layer_cave, small_statue_intersection, minmay_misc_feat_chi
D:5:      layout_basic, nicolae_qazlal_eye_of_the_storm, portal_sewer_entry_f,
          minmay_strange_pillars, kennysheep_generic_room_4, uniq_menkaure,
          uniq_ijyb, uniq_blork_the_orc

Skill      XL: |  1  2  3  4 |
---------------+-------------+-----
Long Blades    | 2 3 |  3.0
Armour         | 1 2 |  2.2
Throwing       | 1 |  1.8
Fighting       | |  3.2
Dodging        | |  1.7
Stealth        | |  4.5

Action                     |  1- 3 |  4- 6 || total
---------------------------+-------+-------++-------
  Melee: Falchion          |   126 |    78 ||   204
         Punch             |     3 |     1 ||     4
  Throw: Dart              |       |    10 ||    10
  Evoke: Wand              |       |     1 ||     1
   Stab: Sleeping          |    12 |     2 ||    14
         Distracted        |     3 |       ||     3
         Paralysed         |       |     8 ||     8
 Armour: Leather armour    |    19 |       ||    19
         Ring mail         |     7 |    15 ||    22
  Dodge: Dodged            |    54 |    37 ||    91
